 Dungeon Crawl Stone Soup version 0.19.5 (webtiles) character file.

55 miragecloak the Changer (level 3, -1/31 HPs)
             Began as a Naga Transmuter on May 4, 2017.
             Slain by an adder (3 damage)
             ... on level 3 of the Dungeon.
             The game lasted 00:01:54 (2539 turns).

miragecloak the Changer (Naga Transmuter)           Turns: 2539, Time: 00:01:54

Health: -1/31      AC:  2    Str: 12    XL:     3   Next: 93%
Magic:  5/6        EV: 10    Int: 13    God:
Gold:   116        SH:  0    Dex: 12    Spells: 2 memorised, 2 levels left

rFire  . . .     SeeInvis +       - Unarmed
rCold  . . .     Gourm    .     b - +0 robe
rNeg   . . .     Faith    .     (no shield)
rPois  +         Spirit   .     (no helmet)
rElec  .         Reflect  .     (no cloak)
rCorr  .         Harm     .     (no gloves)
MR     .....                    (no barding)
Stlth  +.........               (no amulet)
                                (no ring)
                                (no ring)

@: lethally poisoned (-1 -> -4), appendage, hasted, quick
A: horns 2, see invisible, deformed body, poison resistance, slowness 2, slow
metabolism 1, spit poison 1, AC +1
a: Spit Poison, End Transformation


You were on level 3 of the Dungeon.
You were not hungry.
You had grown temporary horns.
You visited 1 branch of the dungeon, and saw 3 of its levels.

You collected 116 gold pieces.

Inventory:

Missiles
 a - 77 arrows
Armour
 b - a +0 robe (worn)
Scrolls
 e - 2 scrolls of amnesia {unknown}
 g - a scroll of fear {unknown}
 h - 3 scrolls of teleportation {unknown}
 i - a scroll of fog {unknown}
 m - 2 scrolls of enchant weapon {unknown}
 p - a scroll of identify {unknown}
Potions
 l - a potion of heal wounds {unknown}
 n - a potion of brilliance {unknown}
 o - a potion of invisibility {unknown}
Books
 c - a book of Changes

   Spells                             Type                      Level
   a - Beastly Appendage              Transmutation                1
   b - Sticks to Snakes               Transmutation                2
   c - Spider Form                    Transmutation/Poison         3
   d - Ice Form                       Ice/Transmutation            4
   e - Blade Hands                    Transmutation                5
Comestibles
 d - 2 bread rations
 j - 2 fruits
 k - 5 beef jerkies
 q - 3 chunks of flesh


   Skills:
 - Level 1.0 Fighting
 - Level 1.5 Dodging
 - Level 3.0 Unarmed Combat
 - Level 2.0 Spellcasting
 + Level 3.9 Transmutations
 * Level 1.3 Poison Magic


You had 2 spell levels left.
You knew the following spells:

 Your Spells              Type           Power        Failure   Level  Hunger
a - Beastly Appendage     Tmut           ##....       8%          1    ##.....
b - Spider Form           Tmut/Pois      #.........   28%         3    ####...


Dungeon Overview and Level Annotations

Branches:
Dungeon (3/15)

Altars:
Uskayaw
Zin


Innate Abilities, Weirdness & Mutations

You cannot wear boots.
Your serpentine skin is tough. (AC +1)
You have supernaturally acute eyesight. (SInv)
Armour fits poorly on your strangely shaped body.
Your system is resistant to poisons. (rPois)
You cover ground very slowly.
You have a slow metabolism.
You can spit poison.
You have a pair of horns on your head.


Message History

You feel slightly more hungry. The jackal bites you.
* * * LOW HITPOINT WARNING * * *
You closely miss the jackal.
The jackal is almost dead.
The jackal bites you.
* * * LOW HITPOINT WARNING * * *
You hit the jackal.
You kill the jackal!
You feel sick. The adder bites you.
* * * LOW HITPOINT WARNING * * *
Casting: Beastly Appendage
Confirm with . or Enter, or press ? or * to list all spells.
You grow a pair of large bovine horns.
You have got your breath back.
The adder bites you.
* * * LOW HITPOINT WARNING * * *
You barely miss the adder. Your headbutt misses the adder.
The adder barely misses you.
It was a potion of haste.
You feel yourself speed up. The adder bites you.
You die...

#†# #.# #.##.#
. #.##.# ..
#?##.# ...
#.##.# ....
#.##.# ##...
#.##.#
#.....##o#@.#
.._.....KS#.#
....#....###.#
. #.....# ##
.......#.#
#......##.#
#......# #
#..###### ..#


You could see an adder and a kobold.

Vanquished Creatures
  An adder (D:2)
  2 dart slugs
  A leopard gecko (D:1)
  2 bats
  3 giant cockroaches
  3 goblins
  8 hobgoblins
  2 jackals (D:3)
  4 kobolds
  2 quokkas (D:2)
  3 frilled lizards
  6 rats
37 creatures vanquished.

Notes
Turn   | Place    | Note
-------+----------+-------------------------------------------
     0 | D:1      | miragecloak the Naga Transmuter began the quest for the Orb.
     0 | D:1      | Reached XP level 1. HP: 18/18 MP: 3/3
   270 | D:1      | Reached XP level 2. HP: 19/25 MP: 3/5
  1176 | D:2      | Reached XP level 3. HP: 3/31 MP: 4/6
  1367 | D:2      | Learned a level 3 spell: Spider Form
  2118 | D:2      | Reached skill level 1 in Poison Magic
  2227 | D:2      | Found a glowing silver altar of Zin.
  2513 | D:3      | Found a hide-covered altar of Uskayaw.
  2539 | D:3      | Slain by an adder

Skill      XL: |  1  2  3 |
---------------+----------+-----
Transmutations | 3 |  3.9
Poison Magic   | 1 |  1.3
Fighting       | |  1.0
Dodging        | |  1.5
Unarmed Combat | |  3.0
Spellcasting   | |  2.0

Action                   || total
-------------------------++-------
Melee: Unarmed           ||   147
       Headbutt          ||    12
 Cast: Beastly Appendage ||    33
 Abil: Spit Poison       ||     1
  Use: Potion            ||     2
  Eat: Chunk             ||     5
Armor: Robe              ||    12
Dodge: Dodged            ||    81
